 Dungeon Crawl Stone Soup version 0.17.1-3-g152610e (webtiles) character file.

61 Gargoyl the Skirmisher (level 3, -1/30 HPs)
             Began as a Demonspawn Abyssal Knight on Mar 1, 2016.
             Was a Believer of Lugonu.
             Slain by Purgy (2 damage)
             ... in a sewer.
             The game lasted 00:05:22 (2064 turns).

Gargoyl the Skirmisher (Demonspawn Abyssal Knight)  Turns: 2064, Time: 00:05:22

Health: -1/30      AC: 13    Str: 13    XL:     3   Next: 83%
Magic:  4/5        EV: -1    Int: 13    God:    Lugonu [**....]
Gold:   80         SH: 10    Dex: 12    Spells: 0 memorised, 2 levels left

rFire  + . .     SeeInvis .     a - +1 hand axe
rCold  . . .     Clarity  .     g - +2 plate armour "Paulaqu" {rElec}
rNeg   . . .     SustAt   .     n - +0 large shield
rPois  +         Gourm    .     (helmet restricted)
rElec  +         Spirit   .     (no cloak)
rCorr  .         Warding  .     m - +0 pair of gloves
rMut   .         Stasis   .     (no boots)
MR     +....                    (no amulet)
Stlth  ..........               (no ring)
                                (no ring)

@: heavily drained, somewhat resistant to hostile enchantments, extremely
unstealthy
A: horns 1, fire resistance 1, magic resistance 1, poison resistance,
regeneration 1, spit poison 1, rot immunity
a: Spit Poison, Depart the Abyss, Bend Space, Renounce Religion


You were in a sewer.
You worshipped Lugonu.
Lugonu was pleased with you.
You were not hungry.

You visited 1 branch of the dungeon, and saw 3 of its levels.
You visited the Abyss 1 time.
You also visited: Sewer.

You collected 80 gold pieces.

Inventory:

Hand Weapons
 a - a +1 hand axe (weapon)
Armour
 g - the +2 plate armour "Paulaqu" (worn) {rElec}
   (You found it on level 3 of the Abyss)

   It insulates you from electricity.
 m - a +0 pair of gloves (worn)
 n - a +0 large shield (worn)
Scrolls
 h - 2 scrolls of enchant weapon
 i - 4 scrolls of identify
Potions
 b - a potion of brilliance
Comestibles
 c - 3 bread rations
 d - 2 fruits
 f - a meat ration
 j - a slice of pizza


   Skills:
 + Level 3.8(2.6) Fighting
 + Level 2.0(0.9) Axes
 + Level 2.4(1.3) Armour
 + Level 1.0(0.0) Dodging
 + Level 0.3(0.0) Shields
 + Level 3.1(1.9) Invocations


You had 2 spell levels left.
You didn't know any spells.

Dungeon Overview and Level Annotations

Branches:
Dungeon (3/15)

Altars:

Annotations:
Sewer Purgy


Innate Abilities, Weirdness & Mutations

You are immune to rotting.
You have a pair of small horns on your head.
Your flesh is heat resistant.
You are resistant to hostile enchantments.
Your system is resistant to poisons.
Your natural rate of healing is unusually fast.
You can spit weak poison.


Message History

You feel a little less mighty now.
You feel a little less clever now. You block Purgy's attack.
Purgy claws you but does no damage. You block Purgy's attack.
Unknown command.
You float gracefully downwards.
You enter the shallow water.
Moving in this stuff is going to be slow.
Purgy bites you but does no damage. Purgy claws you but does no damage.
Purgy claws you but does no damage. Space bends around you!
You blink.
* * * LOW HITPOINT WARNING * * *
You feel slightly more hungry.
You enter the shallow water.
Moving in this stuff is going to be slow.
You enter the shallow water.
Moving in this stuff is going to be slow.
Purgy bites you.
* * * LOW HITPOINT WARNING * * *
Purgy claws you but does no damage. Purgy claws you.
You die...

≈≈≈≈≈≈≈≈≈≈≈≈≈≈###.≈≈≈≈
#≈≈≈≈≈≈≈≈≈≈≈..# .≈≈
≈≈≈≈≈≈≈≈≈≈≈≈..# ≈
≈≈≈≈≈≈≈≈≈≈.≈###
≈≈≈≈≈≈≈≈≈≈..#
≈≈≈≈≈≈≈≈≈≈.##
#≈≈≈≈≈≈.#.##
≈≈≈≈≈≈≈T###
≈≈≈≈≈≈≈@###
≈≈≈≈≈≈≈≈∩.#
≈≈≈≈≈≈≈≈∩## ≈≈≈≈≈≈≈..#
≈≈≈≈≈≈≈### ≈≈≈≈≈≈≈
#≈≈≈≈≈# ≈≈≈≈≈. ≈≈≈≈≈


You could see Purgy.

Vanquished Creatures
  An adder (D:2)
  5 giant geckos
  An orc (D:3)
  A ball python (Sewer)
  4 giant cockroaches
  4 goblins
  4 hobgoblins
  6 kobolds
  8 bats
  9 giant newts
  2 rats
45 creatures vanquished.

Notes
Turn   | Place    | Note
--------------------------------------------------------------
     0 | Abyss:1  | Gargoyl the Demonspawn Abyssal Knight began the quest for the Orb.
     0 | Abyss:1  | Reached XP level 1. HP: 18/18 MP: 2/2
    41 | Abyss:1  | Noticed a ynoxinul
    41 | Abyss:1  | Noticed a bone dragon
    71 | Abyss:2  | Noticed a large abomination
    78 | Abyss:2  | Noticed a chaos spawn
    81 | Abyss:2  | Noticed an angel
   102 | Abyss:3  | Got an encrusted plate armour
   104 | D:1      | Escaped the Abyss
   115 | D:1      | Identified the +2 plate armour "Paulaqu" {rElec} (You found it on level 3 of the Abyss)
   155 | D:1      | Gained mutation: Your system is resistant to poisons. [potion of beneficial mutation]
   248 | D:1      | Gained mutation: You can spit weak poison. [potion of beneficial mutation]
   249 | D:1      | Gained mutation: You are resistant to hostile enchantments. [potion of beneficial mutation]
   308 | D:1      | Reached * piety under Lugonu
   348 | D:1      | Gained mutation: You are immune to rotting. [demonic ancestry]
   348 | D:1      | Reached XP level 2. HP: 22/24 MP: 4/4
  1453 | D:2      | Reached XP level 3. HP: 29/29 MP: 5/5
  1575 | D:2      | Reached skill level 1 in Dodging
  1910 | D:3      | Reached ** piety under Lugonu
  1912 | D:3      | Found a glowing drain.
  1943 | Sewer    | Entered a sewer
  2039 | Sewer    | Noticed Purgy
  2054 | Sewer    | Gained mutation: Your flesh is heat resistant. [potion of mutation]
  2054 | Sewer    | Gained mutation: Your natural rate of healing is unusually fast. [potion of mutation]
  2054 | Sewer    | Gained mutation: You have a pair of small horns on your head. [potion of mutation]
  2064 | Sewer    | HP: 1/30 [Purgy (5)]
  2064 | Sewer    | Slain by Purgy

Action                   || total
-------------------------++-------
Melee: Hand axe          ||   193
Invok: Depart the Abyss  ||     1
       Bend Space        ||     1
  Use: Potion            ||    10
       Scroll            ||     2
  Eat: Chunk             ||     3
       Pizza             ||     1
